[Event "Leca Open 2022"]
[Site "Leca da Palmeira"]
[Date "2022.08.05"]
[Round "9.12"]
[White "Pierrot, Facundo"]
[Black "Bhagat, Kush"]
[Result "1/2-1/2"]
[ECO "A48"]
[WhiteElo "2371"]
[BlackElo "1813"]
[Annotator "TA"]
[PlyCount "82"]
[EventDate "2022.08.02"]
[EventType "swiss"]
[EventCountry "POR"]
[SourceTitle "playchess.com"]
[Source "ChessBase"]
[SourceQuality "1"]
[TimeControl "5400+30"]

1. d4 Nf6 2. Nf3 g6 3. Bf4 Bg7 4. e3 O-O 5. Be2 d6 6. h3 Nbd7 {[%emt 0:00:06] 6...c5 is the recent fashion.} 7. O-O b6 8. a4 {[%emt 0:09:15] A48: 1 d4 Nf6 2 Nf3 g6: Torre, London and Colle Systems.} a6 9. Nbd2 Bb7 10. Bh2 Re8 {[%emt 0:00:58] [#]} 11. Bc4 $146 (11. a5 $14) ({Predecessor:} 11. c3 e5 12. dxe5 Nxe5 13. Nxe5 dxe5 14. Nc4 Ne4 15. Qxd8 Raxd8 16. Rfd1 Rxd1+ 17. Rxd1 {½-½ (63) Wang,Y (2690)-Al Modiahki,M (2542) Riadh 2017}) 11... h6 12. Re1 e5 13. dxe5 dxe5 14. e4 Qe7 15. c3 Nh5 16. b4 Nf4 17. Qb3 Rf8 (17... Red8 $11) 18. Nf1 (18. Bxf4 $16 exf4 19. e5 Bxe5 20. Bd5 Bxd5 21. Qxd5) 18... Kh7 19. Rad1 Rad8 20. Ng3 Qf6 21. Re3 h5 22. Ne2 g5 (22... Nxe2+ $1 $11 23. Rxe2 Qe7) 23. h4 $1 $16 Nxe2+ 24. Bxe2 ({Not} 24. Rxe2 gxh4 25. Red2 Qe7 $11) 24... gxh4 {[%emt 0:01:25] [#]} 25. Red3 ({Better is} 25. Qc4 $1 $18 ) 25... Qe7 {[%emt 0:00:20] [#]} (25... Bc6 $16) 26. Nxh4 $1 Bxe4 $14 {[%emt 0:02:05] [#]} ({Resist} 26... Qxh4 27. Rxd7 Rxd7 28. Rxd7 $16) 27. Re3 Bg6 (27... f5 $11 28. Rh3 Nf6) (27... Nf6 28. Bg3) 28. Nxg6 $16 {[%emt 0:00:31] White is more active.} fxg6 29. Bxa6 $2 {[%emt 0:00:14][%mdl 8192] [#]} (29. Qc2 $16 {stays on course.}) 29... Nc5 $1 $19 30. bxc5 Qf7 31. Rxd8 {[%emt 0:08:04] Hoping for Qxf7.} Qxb3 32. Rxf8 Bxf8 33. cxb6 Qxb6 34. Bd3 Bd6 ({Black should try} 34... Bc5 $17 35. Rxe5 Bxf2+ 36. Kf1 Kg7 37. Re7+ Kf8) 35. Bxe5 $11 {[%emt 0:00:32] The position is equal.} Bxe5 36. Rxe5 {[%emt 0:00:13][%mdl 4096] Endgame KQ-KRB} Qd6 37. Rxh5+ Kg7 38. Rh3 Qa3 39. Rg3 Qc1+ 40. Kh2 Qh6+ 41. Kg1 Qc1+ {White happily takes the draw.  Weighted Error Value: White=0.35/Black=0.27 (precise)} 1/2-1/2

[Event "Leca Open 2022"]
[Site "Leca da Palmeira"]
[Date "2022.08.05"]
[Round "9.13"]
[White "Rego, Pedro Filipe"]
[Black "Pomares Munoz, Ruben"]
[Result "1-0"]
[ECO "C05"]
[WhiteElo "2251"]
[BlackElo "1761"]
[Annotator "TA"]
[PlyCount "85"]
[EventDate "2022.08.02"]
[EventType "swiss"]
[EventCountry "POR"]
[SourceTitle "playchess.com"]
[Source "ChessBase"]
[SourceQuality "1"]
[TimeControl "5400+30"]

1. d4 e6 2. e4 d5 3. Nd2 Nf6 4. e5 Nfd7 5. Bd3 c5 6. c3 Nc6 7. Ne2 Be7 8. O-O Qb6 9. Nf3 O-O 10. Re1 cxd4 {[%emt 0:03:13] C06: French Tarrasch: 3...Nf6 4 e5 Nfd7 5 Bd3 main lines.} 11. cxd4 Bb4 $2 {[%emt 0:02:45] [#]} (11... a6 $16) 12. Bd2 $2 (12. Bxh7+ $1 $18 Kxh7 (12... Kh8 13. Nc3) 13. Ng5+ Kg8 14. Qd3 $1) 12... Bxd2 {[%emt 0:01:07] White is slightly better.} 13. Qxd2 Qb4 $2 {[%emt 0:02:35] [#]} (13... f6 $16 {was necessary.}) 14. Qe3 $146 (14. Bxh7+ $1 $18 {[%mdl 512] and the rest is easy.} Kxh7 15. Ng5+ Kg8 16. Qd3) ({Predecessor:} 14. Qxb4 Nxb4 15. Bb1 Nb6 16. a3 Nc6 17. Bd3 Bd7 18. Rac1 Rfc8 19. Nd2 Na5 20. b3 Rxc1 21. Rxc1 {1-0 (54) Viela,M (2000)-Mota,D (2000) St Joao da Madeira 2001}) 14... h6 15. a3 Qe7 16. Nc3 a6 17. Bc2 $40 {[%emt 0:00:32][%mdl 128] White has strong attack.} Rd8 18. Qd3 {[%emt 0:02:51] White wants to mate with Qh7+.} Nf8 {[%emt 0:00:13] Against Qh7+} 19. Na4 b5 20. Nc5 {[%emt 0:00:08] White now steadily converts the win.} Na5 21. b3 Nb7 ({Black should play} 21... Qc7) 22. b4 $16 {[%emt 0:00:18] White is much more active.} Nxc5 23. dxc5 (23. bxc5 Bd7 24. Rab1 Bc6 $16) 23... Bd7 24. Nd4 Rdc8 25. f4 Rab8 (25... Ra7 {keeps fighting.} 26. g3 Qe8) 26. Re3 $18 a5 27. Rf1 Rd8 (27... Rc7 {was called for.} 28. Rg3 axb4) 28. Qe2 f5 $2 (28... Ra8 29. Rc3 (29. Nxb5 axb4 30. axb4 Bxb5 $11) (29. c6 Be8 $16) 29... axb4 30. axb4 Ra6) 29. exf6 ({Not} 29. c6 Be8 30. a4 (30. bxa5 b4 $16) 30... axb4 $18) 29... Qxf6 30. Re5 Re8 31. c6 Bc8 32. f5 Qh4 33. Qd3 axb4 34. axb4 {[%emt 0:01:00] Threatens to win with fxe6.} Ra8 35. fxe6 {[%emt 0:07:37][%cal Of1f8] And now Rxf8+! would win.} Ra3 36. Rxf8+ Kxf8 37. Qf1+ Ke7 38. Qf7+ {[%emt 0:03:30] White mates.} Kd6 39. Nxb5+ Kxc6 40. Qc7+ Kxb5 41. Rxd5+ Ka6 42. Rd6+ Kb5 43. Qc5# {Weighted Error Value: White=0.33/Black=1.06} 1-0

[Event "Leca Open 2022"]
[Site "Leca da Palmeira"]
[Date "2022.08.05"]
[Round "9.14"]
[White "Santos, Micael"]
[Black "Jansen, Bob"]
[Result "0-1"]
[ECO "C02"]
[WhiteElo "1899"]
[BlackElo "2162"]
[Annotator "TA"]
[PlyCount "72"]
[EventDate "2022.08.02"]
[EventType "swiss"]
[EventCountry "POR"]
[SourceTitle "playchess.com"]
[Source "ChessBase"]
[SourceQuality "1"]
[TimeControl "5400+30"]

1. e4 e6 2. d4 d5 3. e5 c5 4. c3 Nc6 5. Nf3 Nge7 6. Bd3 cxd4 7. cxd4 Nf5 8. Be2 {[%emt 0:13:18] C02: French: Advance Variation.} (8. Bxf5 $11 {remains equal.} exf5 9. Nc3) 8... Qb6 $17 {[%emt 0:00:45][%cal Rf5d4] Black is more active.} 9. Be3 {[%emt 0:01:58] [#]} (9. Nc3 $17) 9... Qxb2 $146 ({Stronger than} 9... Nxe3 10. fxe3 Qxb2 11. Nbd2 $17) ({Predecessor:} 9... Nxe3 10. fxe3 Qxb2 11. Nbd2 Be7 12. Nb3 Qc3+ 13. Nbd2 Qxe3 14. Nb3 O-O 15. Rf1 Bb4+ {0-1 (31) Cep,L-Tropp,O (1874) Ruzomberok 2010}) 10. Nbd2 {[%emt 0:00:17] Black is clearly better.} Nfxd4 11. O-O Nxe2+ 12. Qxe2 Be7 13. Rfb1 Qa3 14. Nb3 O-O 15. Nbd4 Qa5 16. Rc1 (16. Qc2 $17) 16... Bd7 17. Nb3 Qd8 18. Bc5 Rc8 19. h4 b6 20. Bxe7 Qxe7 21. g3 f6 22. Re1 Nxe5 23. Nfd4 $2 {[%emt 0:03:42] [#]} (23. Nxe5 {only move.} fxe5 24. Qxe5) 23... Rfe8 {[%emt 0:03:32] Black is clearly winning.} 24. f4 Nc4 25. Qf3 Qf7 26. Rad1 e5 27. Ne2 (27. fxe5 $142 Nxe5 28. Qf2) 27... Bc6 {[%emt 0:04:31] Strongly threatening ...d4.} 28. fxe5 fxe5 29. Qxf7+ Kxf7 30. Nec1 d4 31. Nd3 e4 32. Nb4 d3 33. Nd4 Ba4 34. Nb3 Rcd8 35. Rf1+ Kg8 36. Rf4 Nb2 {[%emt 0:00:46] White got outplayed after the opening.  Weighted Error Value: White=0.48/Black=0.16 (very precise)} 0-1

[Event "Leca Open 2022"]
[Site "Leca da Palmeira"]
[Date "2022.08.05"]
[Round "9.15"]
[White "Silva, Tiago Alexandre Pinh"]
[Black "Akshit Kumar J"]
[Result "0-1"]
[ECO "B20"]
[WhiteElo "1818"]
[BlackElo "2103"]
[Annotator "TA"]
[PlyCount "72"]
[EventDate "2022.08.02"]
[EventType "swiss"]
[EventCountry "POR"]
[SourceTitle "playchess.com"]
[Source "ChessBase"]
[SourceQuality "1"]
[TimeControl "5400+30"]

1. e4 c5 2. c4 Nc6 3. Nc3 g6 4. g3 Bg7 5. Bg2 d6 6. Nge2 e6 $1 {[%emt 0:00:15] The main line 6...e6 scores better than 6...Nf6.} 7. a3 {[%emt 0:00:26] A36: Symmetrical English vs ...g6: 4 Bg2 Bg7.} Nge7 8. Rb1 b6 9. b4 {[%emt 0:02:19] The position is equal.} Bb7 10. d3 O-O {[%emt 0:00:20] [#]} 11. Be3 $146 ({Predecessor:} 11. O-O Qd7 12. b5 Nd4 13. Nxd4 cxd4 14. Na2 f5 15. Nb4 Rac8 16. Qe2 fxe4 17. Bxe4 Bxe4 18. Qxe4 d5 19. cxd5 Nxd5 {½-½ (33) Miezis,N (2468)-Safarli,E (2680) Zuerich 2017}) 11... Qd7 12. h4 Ne5 13. h5 d5 14. cxd5 {[%emt 0:10:05] next h6 is good for White.} exd5 {[%emt 0:04:55] White must now prevent ...d4.} 15. bxc5 dxe4 16. d4 (16. dxe4 $11 {and White stays safe.} Nf5 17. Qxd7 Nxd7 18. Bf4) 16... Nf3+ $19 17. Kf1 Nd5 ({Black should try} 17... bxc5 $19 {And now ...Rad8 would win.} 18. h6 Bf6 19. dxc5 Qxd1+ 20. Rxd1 Rad8 21. Rxd8 Rxd8) 18. Nxd5 $17 Qxd5 ({Not} 18... Bxd5 19. Bxf3 exf3 20. Nc3 $15) 19. Bxf3 exf3 20. Nf4 Qf5 {[%emt 0:03:21] Hoping for ...g5. Black is more active.} 21. hxg6 hxg6 22. Rb4 (22. Kg1 $17) 22... Rfe8 23. cxb6 (23. Kg1 $17 {was worth a try.}) 23... g5 24. Nh5 Ba6+ {[%emt 0:02:19] This bishop pair is nice.} 25. Kg1 {[%emt 0:01:45] [#]} Rxe3 $1 {[%emt 0:00:31][%mdl 576] Remove Defender} 26. fxe3 f2+ $40 {[%emt 0:01:26][%mdl 128] Black has strong attack.} 27. Kg2 Bb7+ {[%emt 0:02:00][%mdl 64] Skewer} 28. d5 Bxd5+ 29. e4 Bxe4+ 30. Rxe4 Qxe4+ 31. Qf3 Qxf3+ 32. Kxf3 Bd4 ({And not} 32... axb6 33. Nxg7 Kxg7 34. Kxf2) 33. b7 {[%emt 0:00:52] [#]} Rb8 34. Rb1 {[%emt 0:00:56] [#]} (34. Kg2 Rxb7 35. Rd1) 34... Rxb7 $3 $19 {[%emt 0:00:34][%mdl 512] Black is clearly winning.} 35. Rd1 {[%emt 0:01:32] [#]} (35. Rf1 Rb3+) 35... Re7 $1 {[%emt 0:00:36] ( -> ...Re1)} 36. Rf1 (36. Nf6+ Bxf6) 36... Re1 {[%emt 0:00:17] Weighted Error Value: White=0.44/Black=0.08 (flawless)} 0-1